 Dungeon Crawl Stone Soup version 0.28-a0-268-g3f656e82c2 (webtiles) character file.

Game seed: 12794698201131125143

1121 theanonym the Poker (level 8, -9/57 HPs)
             Began as a Mummy Delver on Aug 29, 2021.
             Was a Priest of Hepliaklqana.
             Mangled by a two-headed ogre (16 damage)
             ... on level 5 of the Dungeon.
             The game lasted 00:06:37 (5149 turns).

theanonym the Poker (Mummy Delver)                  Turns: 5149, Time: 00:06:38

Health: -9/57      AC: 13    Str: 17    XL:     8   Next: 12%
Magic:  8/8        EV:  4    Int:  9    God:    Hepliaklqana [***...]
Gold:   1378       SH: 10    Dex: 14    Spells: 7/7 levels left

rFire   x . .      SeeInvis .   a - +0 spear
rCold   + . .      Faith    .   b - +2 kite shield {AC+3}
rNeg    + + +      Spirit   .   m - +0 chain mail
rPois   ∞          Reflect  .   n - +0 helmet
rElec   .          Harm     .   (no cloak)
rCorr   .          Rampage  .   (no gloves)
Will    +....                   h - +0 pair of boots
Stlth   ..........              (no amulet)
HPRegen 0.19/turn               (no ring)
MPRegen 0.11/turn               (no ring)

@: no status effects
A: reduced essence, cold resistance 1, negative energy resistance 3, torment
resistance 2, heat vulnerability 1, no potions
a: Renounce Religion, Recall Ancestor, Ancestor Identity, Transference


Innate Abilities, Weirdness & Mutations

Your life essence is reduced to manifest your ancestor. (-10% HP)
You are immune to poison.
Your flesh is cold resistant. (rC+)
You are immune to negative energy. (rN+++)
You are immune to unholy pain and torment.
You are vulnerable to heat. (rF-)
You do not drink.


   Skills:
 + Level 5.9 Fighting
 * Level 6.3 Polearms
 - Level 1.5 Dodging
 - Level 4.1 Stealth
 + Level 2.5 Shields


You had 7 spell levels left.
You didn't know any spells.
Your spell library contained the following spells:

 Spells                   Type           Power      Damage    Failure   Level
 Corpse Rot               Necr/Air       N/A        N/A       100%        2
 Ensorcelled Hibernation  Hex/Ice        0%         N/A       100%        2
 Poisonous Vapours        Pois/Air       0%         N/A       100%        2
 Conjure Flame            Conj/Fire      0%         6-21      100%        3
 Frozen Ramparts          Ice            0%         1d2       100%        3
 Ignite Poison            Fire/Tmut/Pois 0%         N/A       100%        3
 Sticky Flame             Conj/Fire      0%         2d3       100%        4
 Summon Ice Beast         Ice/Summ       0%         N/A       100%        4
 Freezing Cloud           Conj/Ice/Air   0%         6-21      100%        5
 Shadow Creatures         Summ           N/A        N/A       100%        6
 Spider Form              Tmut/Pois      Unusable   N/A       N/A         3
 Ice Form                 Ice/Tmut       Unusable   N/A       N/A         4

Skill      XL: |  1  2  3  4  5  6  7 |
---------------+----------------------+-----
Polearms       | 2 3 4 5 6 |  6.3
Fighting       | 4 5 |  5.9
Shields        | 1 2 |  2.5
Dodging        | |  1.5
Stealth        | |  4.1

Action                   |  1- 3 |  4- 6 |  7- 9 || total
-------------------------+-------+-------+-------++-------
Melee: Spear             |   171 |   191 |    81 ||   443
Invok: Ancestor Life: Kn |     1 |       |       ||     1
       Ancestor Identity |     1 |       |       ||     1
       Recall Ancestor   |       |     1 |       ||     1
Evoke: Wand              |       |     5 |     6 ||    11
  Use: Scroll            |     1 |     6 |     2 ||     9
 Stab: Sleeping          |    10 |     3 |       ||    13
       Distracted        |       |     1 |       ||     1
Armor: Leather armour    |    63 |       |       ||    63
       Scale mail        |       |    11 |       ||    11
       Chain mail        |       |    47 |    38 ||    85
Dodge: Dodged            |    94 |    38 |     7 ||   139
Block: Kite shield       |       |    15 |    30 ||    45

Inventory:

Hand Weapons
 a - a +0 spear (weapon)
Missiles
 l - 65 poisoned darts (quivered)
Armour
 b - a +2 kite shield of protection (worn)
 h - a +0 pair of boots (worn)
 m - a +0 chain mail (worn)
 n - a +0 helmet (worn)
Wands
 c - a wand of digging (3)
 g - a wand of iceblast (3)
 w - a wand of flame (7)
Scrolls
 d - a scroll of brand weapon {unknown}
 e - a scroll of fear
 f - a scroll of fog
 i - a scroll of immolation {unknown}
 j - a scroll of amnesia
 k - a scroll of noise
 t - 3 scrolls of teleportation
 y - 3 scrolls of magic mapping
 B - a scroll of blinking


You were on level 5 of the Dungeon.
You worshipped Hepliaklqana.
Hepliaklqana was most pleased with you.
You visited 1 branch of the dungeon, and saw 5 of its levels.

You collected 1378 gold pieces.

Dungeon Overview and Level Annotations

Branches:
Dungeon (5/15)
 Temple: D:4-7

Altars:
Ashenzari
Hepliaklqana
Nemelex Xobeh
Ru
Uskayaw
Wu Jian

,,,,,,,,,,,#.....................
,,,,,,,,,,,#.....................
,,,,,,,,,,,#########.............
,,,,,,***+**#..)...#######.......
********,..##............#.......
,,,,,,,*,................#.......
,,,,,,,*,................#.......
,,,,,,,*,................#.......
,,**,,**,*###..S@#####'###.......
,,**,,**,***#..ZO#.............##
,,,,,,,,,....(...#.............#.
,,,,,,,,,........#.............#.
,,,,,,,,,.......)#..>..........#.
,,,,,,,,,........#.............#.
,,,,,,,,,....$...#.............##
,,,,,,,,,........#.............#.
##################.............#.


You could see a two-headed ogre, a water moccasin and a hound zombie.

Notes
Turn   | Place    | Note
-------+----------+-------------------------------------------
     0 | D:5      | theanonym the Mummy Delver began the quest for the Orb.
     0 | D:5      | Reached XP level 1. HP: 18/18 MP: 1/1
   169 | D:1      | Reached skill level 2 in Polearms
   170 | D:1      | Reached XP level 2. HP: 13/24 MP: 2/2
   713 | D:1      | HP: 11/24 [jackal (3)]
   893 | D:1      | Found a faded altar of an unknown god.
   906 | D:1      | Became a worshipper of Hepliaklqana the Forgotten
   906 | D:1      | Reached * piety under Hepliaklqana
  1062 | D:1      | Reached XP level 3. HP: 26/26 MP: 3/3
  1739 | D:2      | Reached ** piety under Hepliaklqana
  1740 | D:2      | Remembered your ancestor Yoba as a knight
  1805 | D:2      | Reached skill level 3 in Polearms
  1885 | D:2      | Found a broken altar of Ashenzari.
  2015 | D:3      | Noticed a +0 dagger
  2015 | D:3      | Noticed a +0 dagger
  2015 | D:3      | Noticed Ijyb
  2030 | D:2      | Killed Ijyb
  2031 | D:2      | Reached XP level 4. HP: 18/33 MP: 4/4
  2178 | D:3      | Found a hide-covered altar of Uskayaw.
  2318 | D:2      | Reached skill level 4 in Fighting
  2478 | D:3      | Noticed Grinder
  2494 | D:3      | Paralysed by Grinder for 2 turns
  2502 | D:3      | HP: 14/33 [Grinder (6)]
  2503 | D:3      | Killed Grinder
  2504 | D:3      | Reached skill level 4 in Polearms
  2504 | D:3      | Reached XP level 5. HP: 17/38 MP: 5/5
  2504 | D:3      | Reached XP level 6. HP: 19/44 MP: 6/6
  3356 | D:3      | Noticed Robin
  3380 | D:3      | Killed Robin
  3729 | D:4      | Identified 2 scrolls of acquirement
  3733 | D:4      | Acquired a +2 kite shield of protection
  3740 | D:4      | Acquired 1175 gold pieces
  3785 | D:4      | Reached skill level 5 in Polearms
  4066 | D:4      | Reached skill level 5 in Fighting
  4164 | D:4      | Reached skill level 1 in Shields
  4164 | D:4      | Reached XP level 7. HP: 32/50 MP: 7/7
  4352 | D:4      | Found an ornate altar of the Wu Jian Council.
  4357 | D:4      | Found a sacrificial altar of Ru.
  4542 | D:4      | Reached *** piety under Hepliaklqana
  4741 | D:5      | Noticed Prince Ribbit
  4749 | D:5      | Killed Prince Ribbit
  4872 | D:5      | Found a sparkling altar of Nemelex Xobeh.
  4900 | D:5      | Reached skill level 2 in Shields
  4909 | D:5      | Reached skill level 6 in Polearms
  4979 | D:5      | Reached XP level 8. HP: 56/57 MP: 8/8
  5138 | D:5      | Noticed a two-headed ogre
  5148 | D:5      | HP: 24/57 [two-headed ogre (11)]
  5149 | D:5      | HP: 7/57 [two-headed ogre (16)]
  5149 | D:5      | Mangled by a two-headed ogre

Vanquished Creatures
  Grinder (D:3)
  A bullfrog zombie (D:5)
  2 orc wizards
  Robin (D:3)
  2 adders
  An adder skeleton (D:5)
  A worm (D:2)
  7 orcs
  6 ball pythons
  6 endoplasms
  2 giant cockroaches
  10 goblins
  12 hobgoblins
  2 jackals (D:1)
  2 quokkas
  5 bats
  4 frilled lizards
  A kobold (D:2)
  2 rats
68 creatures vanquished.

Vanquished Creatures (collateral kills)
  Prince Ribbit (D:5)
  A necrophage (D:5)
  A phantom (D:4)
  A kobold brigand (D:4)
  A jelly (D:5)
  An orc priest (D:2)
  A bullfrog skeleton (D:5)
  Ijyb (D:2)
  3 orc wizards (D:5)
  A howler monkey zombie (D:5)
  4 adders
  A white imp (D:3)
  4 worms
  A dart slug (D:3)
  12 orcs
  2 ball pythons
  2 endoplasms
  2 giant cockroaches (D:2)
  2 goblins (D:3)
  2 hobgoblins (D:3)
  2 quokkas
  A bat (D:2)
47 creatures vanquished.

Vanquished Creatures (others)
  A knight (D:5)
  2 plants (D:1)
3 creatures vanquished.

Grand Total: 118 creatures vanquished

Table legend: (Time is in decaauts)
 A = Elapsed time spent in this place.
 B = Non-inter-level travel time spent in this place.
 C = Inter-level travel time spent in this place.
 D = Time resting spent in this place.
 E = Time spent auto-exploring this place.
 F = Levels seen in this place.
 G = Mean time per level.
                   A        B        C        D        E       F      G
               +--------+--------+--------+--------+--------+-----+--------+
         Total |   5156 |   5038 |    118 |   1483 |   2719 |   5 | 1031.2 |
       Dungeon |   5156 |   5038 |    118 |   1483 |   2719 |   5 | 1031.2 |
               +--------+--------+--------+--------+--------+-----+--------+

Top non-repeatable levels by time:
     D:3: 1370 daAuts
     D:1: 1222 daAuts
     D:4: 1090 daAuts
     D:2: 1010 daAuts
     D:5: 462 daAuts
